 Dungeon Crawl Stone Soup version 0.18.1-48-g4cf74bf (webtiles) character file.

1198 boogeech the Magician (level 8, -7/39 HPs)
             Began as a Vine Stalker Transmuter on June 28, 2016.
             Shot with an arrow by a centaur (13 damage)
             ... on level 5 of the Dungeon.
             The game lasted 00:20:45 (4497 turns).

boogeech the Magician (Vine Stalker Transmuter)     Turns: 4497, Time: 00:20:46

Health: -7/39      AC:  6    Str: 16    XL:     8   Next: 44%
Magic:  0/17       EV: 12    Int: 15    God:
Gold:   238        SH:  4    Dex: 15    Spells: 2 memorised, 13 levels left

rFire  . . .     SeeInvis +       - Unarmed
rCold  . . .     Gourm    .     H - +1 troll leather armour {Purgy}
rNeg   . . .     Faith    .     m - +0 buckler
rPois  .         Spirit   +     x - +0 helmet
rElec  +         Dismiss  .     (no cloak)
rCorr  .         Reflect  .     (no gloves)
SustAt .         Harm     .     (no boots)
MR     +....                    r - amulet of Zuseclum {Spirit rElec Str+3 SInv Stlth-}
Stlth  ..........               (no ring)
                                (no ring)

@: somewhat resistant to hostile enchantments, extremely unstealthy
A: fangs 3, regeneration 2, magic shield, antimagic bite, no device heal 3, rot
immunity
a: no special abilities


You were on level 5 of the Dungeon.
You were hungry.

You visited 1 branch of the dungeon, and saw 5 of its levels.
You also visited: Sewer.

You collected 238 gold pieces.

Inventory:

Missiles
 a - 58 arrows
 p - 140 stones (quivered)
Armour
 j - a +0 leather armour of cold resistance
 m - a +0 buckler (worn)
 x - a +0 helmet (worn)
 H - a +1 troll leather armour (worn) {Purgy}
Jewellery
 r - the amulet of Zuseclum (around neck) {Spirit rElec Str+3 SInv Stlth-}
   (You found it on level 4 of the Dungeon)

   [amulet of guardian spirit]

   It causes incoming damage to be split between your health and magic.
   It affects your strength (+3).
   It insulates you from electricity.
   It lets you see invisible.
   It makes you less stealthy.
Wands
 E - a wand of random effects (44/48)
Scrolls
 b - a scroll of enchant armour
 f - a scroll of noise
 h - 2 scrolls of identify
 i - a scroll of enchant weapon
 n - 3 scrolls of remove curse
 u - a scroll of fog {unknown}
Potions
 e - a potion of mutation
 g - 2 potions of lignification
 l - a potion of degeneration {unknown}
 o - 4 potions of curing
 q - a potion of heal wounds {unknown}
 s - 2 potions of might
 t - 2 potions of cure mutation {unknown}
 w - 2 potions of ambrosia
 z - 3 potions of flight
 A - a potion of resistance {unknown}
 D - a potion of agility {unknown}
Books
 c - a book of Changes

   Spells                             Type                      Level
   a - Beastly Appendage              Transmutation                1
   b - Sticks to Snakes               Transmutation                2
   c - Spider Form                    Transmutation/Poison         3
   d - Ice Form                       Ice/Transmutation            4
   e - Blade Hands                    Transmutation                5
Comestibles
 d - 7 bread rations
 k - 3 meat rations
 B - 2 beef jerkies


   Skills:
 * Level 2.6 Fighting
 - Level 1.4 Armour
 + Level 2.9 Dodging
 * Level 0.8 Shields
 + Level 4.3 Unarmed Combat
 * Level 5.3 Spellcasting
 * Level 5.2 Transmutations
 - Level 3.3 Poison Magic


You had 13 spell levels left.
You knew the following spells:

 Your Spells              Type           Power        Failure   Level  Hunger
a - Beastly Appendage     Trmt           ###...       3%          1    None
b - Spider Form           Trmt/Pois      ###.......   17%         3    ###....


Dungeon Overview and Level Annotations

Branches:
Dungeon (5/15)
 Temple: D:4-7

Altars:
Elyvilon
Pakellas
Trog
Yredelemnul


Innate Abilities, Weirdness & Mutations

You have razor-sharp teeth.
You heal very quickly.
When hurt, damage is shared between your health and your magic reserves.
Your bite disrupts and absorbs the magic of your enemies.
Potions and wands cannot restore your health.
You are immune to rotting.


Message History

You see here an arrow.
The centaur shoots an arrow.
The arrow closely misses you.
The centaur shoots an arrow.
The arrow closely misses you.
You see here an arrow.
The centaur shoots an arrow.
The arrow hits you.
You see here an arrow.
The centaur shoots an arrow.
The arrow hits you!
You see here 2 arrows.
The centaur shoots an arrow.
The arrow hits you!
You see here an arrow.
The centaur shoots an arrow.
The arrow hits you.
The centaur shoots an arrow.
The arrow hits you.
You see here an arrow.
The centaur shoots an arrow.
The arrow hits you!
* * * LOW HITPOINT WARNING * * *
You see here an arrow.
Read which item? (? for menu, Esc to quit)
Okay, then.
The centaur shoots an arrow.
The arrow hits you!
You die...

#.###### .# ######......#
.....#.####.# #...<## .###
#c..(.#.... #.(..##..# .
#(#..(...# #...##(#(#.###.#
#....(.@.# #...####.#.#
########## #.##.. #........#
#.# ### #.######.# #.# #.#
#.# #.#####
#.######.######.#...#########
#.##..........#.#...........#
#.##.###.####.#.#...#######.#


You could see a centaur.

Vanquished Creatures
  Grinder (D:4)
  Sigmund (D:3)
  A sky beast (D:4)
  Purgy (Sewer)
  A black bear (D:5)
  2 ogres (D:4)
  A water moccasin skeleton (D:4)
  A hound (D:4)
  An orc priest (D:4)
  Ijyb (D:3)
  Terence (D:3)
  2 orc wizards (D:4)
  Robin (D:3)
  5 adders
  3 worms
  A dart slug (D:2)
  2 giant geckos
  12 orcs
  2 ball pythons
  2 giant cockroaches
  19 goblins
  12 hobgoblins
  3 jackals (D:1)
  11 kobolds
  A quokka (D:3)
  6 bats
  8 giant newts
  7 rats
  A bush (D:4)
110 creatures vanquished.

Notes
Turn   | Place    | Note
--------------------------------------------------------------
     0 | D:1      | boogeech the Vine Stalker Transmuter began the quest for the Orb.
     0 | D:1      | Reached XP level 1. HP: 9/9 MP: 4/4
    37 | D:1      | Reached skill level 1 in Fighting
   184 | D:1      | Reached XP level 2. HP: 14/14 MP: 3/6
   584 | D:1      | Reached XP level 3. HP: 18/18 MP: 7/7
   589 | D:1      | Learned a level 3 spell: Spider Form
  1410 | D:2      | Reached skill level 1 in Poison Magic
  1517 | D:3      | Noticed Ijyb
  1528 | D:3      | Reached XP level 4. HP: 22/22 MP: 5/9
  1536 | D:3      | Killed Ijyb
  1539 | D:3      | Noticed Robin
  1559 | D:3      | Killed Robin
  1621 | D:3      | Noticed Terence
  1638 | D:3      | Killed Terence
  1638 | D:3      | Reached XP level 5. HP: 11/25 MP: 3/11
  1958 | D:3      | Noticed Sigmund
  2038 | D:3      | Killed Sigmund
  2038 | D:3      | Gained mutation: You heal very quickly. [Vine Stalker growth]
  2038 | D:3      | Reached XP level 6. HP: 22/30 MP: 6/13
  2418 | D:4      | Found a bloodstained altar of Trog.
  2521 | D:4      | Noticed Grinder
  2538 | D:4      | Killed Grinder
  2538 | D:4      | Reached skill level 1 in Armour
  2538 | D:4      | Reached XP level 7. HP: 23/34 MP: 8/14
  2569 | D:4      | Found a white marble altar of Elyvilon.
  2595 | D:4      | Found an oddly glowing altar of Pakellas.
  2601 | D:4      | Found a basalt altar of Yredelemnul.
  3122 | D:4      | Gained mutation: You have razor-sharp teeth. [Vine Stalker growth]
  3122 | D:4      | Reached XP level 8. HP: 39/39 MP: 16/16
  3157 | D:4      | Found a glowing drain.
  3184 | Sewer    | Entered a sewer
  3417 | Sewer    | Noticed Purgy
  3428 | Sewer    | Killed Purgy
  3428 | Sewer    | Reached skill level 5 in Spellcasting
  3747 | D:4      | Reached skill level 5 in Transmutations
  3814 | D:4      | Got a slimy diamond amulet
  3976 | D:5      | Entered Level 5 of the Dungeon
  4287 | D:5      | Identified the amulet of Zuseclum {Spirit rElec Str+3 SInv Stlth-} (You found it on level 4 of the Dungeon)
  4497 | D:5      | Shot with an arrow by a centaur

Skill      XL: |  1  2  3  4  5  6  7  8 |
---------------+-------------------------+-----
Fighting       | 1 2 |  2.6
Poison Magic   | 1 2 3 |  3.3
Spellcasting   | 3 4 5 |  5.3
Transmutations | 3 4 5 |  5.2
Armour         | 1 |  1.4
Dodging        | 2 |  2.9
Unarmed Combat | 4 |  4.3
Shields        | |  0.8

Action                   |  1- 3 |  4- 6 |  7- 9 || total
-------------------------+-------+-------+-------++-------
Melee: Unarmed           |   110 |   117 |   288 ||   515
       Bite              |    26 |    17 |    86 ||   129
       Kick              |     1 |       |     6 ||     7
       Punch             |     4 |     1 |       ||     5
       Headbutt          |     1 |       |       ||     1
 Cast: Beastly Appendage |     3 |     1 |     2 ||     6
       Spider Form       |     1 |     5 |     6 ||    12
  Use: Scroll            |     1 |       |    16 ||    17
 Stab: Sleeping          |     1 |       |     3 ||     4
  Eat: Chunk             |     2 |     2 |     4 ||     8
       Beef jerky        |       |     1 |       ||     1
       Pizza             |       |       |     1 ||     1
       Fruit             |       |       |     2 ||     2
Armor: Robe              |    11 |       |       ||    11
       Leather armour    |     2 |    11 |     6 ||    19
       Skin              |       |     1 |     3 ||     4
       Troll leather arm |       |       |     9 ||     9
Dodge: Dodged            |    69 |    73 |   103 ||   245
Block: Buckler           |       |       |     2 ||     2
